 Dungeon Crawl Stone Soup version 0.31-a0-981-geadf994542 (webtiles) character file.

Game seed: 16075625546853446011

4394 Persephone the Severer (level 10, -14/83 HPs)
             Began as a Hill Orc Fighter on Oct 31, 2023.
             Was an Elder of Okawaru.
             Killed from afar by an electric eel (16 damage)
             ... with a bolt of electricity
             ... on level 8 of the Dungeon.
             The game lasted 00:12:51 (8664 turns).

Persephone the Severer (Hill Orc Fighter)           Turns: 8664, Time: 00:12:51

Health: -14/83     AC: 12    Str: 33    XL:     10   Next: 35%
Magic:  13/13      EV: 10    Int: 12    God:    Okawaru [****..]
Gold:   406        SH:  6    Dex: 10    Spells: 9/9 levels left

rFire   . . .        a - +1 war axe (protect)
rCold   . . .        c - +1 buckler
rNeg    . . .        b - +0 scale mail
rPois   .            F - +0 helmet of Gato {Harm Str+3 Int+4}
rElec   .            m - +1 cloak
rCorr   .            (no gloves)
SInv    .            z - +0 pair of boots
Will    .....        (no amulet) Stlth
                     y - +6 ring of strength
HPRegen 0.33/turn    (no ring)
MPRegen 0.13/turn

%: harm (+30% outgoing, +20% incoming)
@: very slow
A: no striking features
a: Renounce Religion, Heroism, Finesse


You were on level 8 of the Dungeon.
You worshipped Okawaru.
Okawaru was greatly pleased with you.
You visited 1 branch of the dungeon, and saw 8 of its levels.
You also visited: Sewer and Ossuary.

You collected 406 gold pieces.

Inventory:

Hand Weapons
 a - a +1 war axe of protection (weapon)
Missiles
 i - a throwing net
Armour
 b - a +0 scale mail (worn)
 c - a +1 buckler (worn)
 m - a +1 cloak (worn)
 z - a +0 pair of boots (worn)
 F - the +0 helmet of Gato (worn) {Harm Str+3 Int+4}
   (You found it on level 8 of the Dungeon)

   Str+3:     It affects your strength (+3).
   Int+4:     It affects your intelligence (+4).
   Harm:      It increases damage dealt and taken.
Jewellery
 y - a +6 ring of strength (left hand)
Wands
 g - a wand of mindburst (21)
 h - a wand of roots (10)
 v - a wand of polymorph (13)
 C - a wand of acid (13)
Scrolls
 d - a scroll of enchant armour
 e - a scroll of revelation
 f - 4 scrolls of teleportation
 k - a scroll of blinking
 n - a scroll of vulnerability
 t - a scroll of brand weapon
Potions
 j - a potion of resistance
 o - 2 potions of attraction
 p - 5 potions of enlightenment
 q - a potion of magic
 r - 3 potions of mutation
 s - a potion of invisibility
 u - a potion of might
 w - 3 potions of degeneration
 A - 3 potions of lignification
 B - 5 potions of curing
 D - a potion of cancellation {unknown}
 E - a potion of brilliance {unknown}
 G - a potion of heal wounds


   Skills:
 + Level 6.0 Fighting
 - Level 16.0 Axes
 + Level 5.4 Armour
 + Level 5.4 Shields
 + Level 5.1 Invocations


You had 9 spell levels left.
You didn't know any spells.
Your spell library contained the following spells:

 Spells                   Type           Power      Damage    Failure   Level
 Static Discharge         Conj/Air       0%         3-3/arc   71%         2
 Airstrike                Air            0%         2d(0-16)  100%        4
 Leda's Liquefaction      Hex/Erth       0%         N/A       100%        4
 Vhi's Electric Charge    Tloc/Air       0%         N/A       100%        4
 Arcjolt                  Conj/Air       0%         1d10      100%        5
 Lee's Rapid Deconstruct  Erth           0%         3d4*      100%        5
 Bombard                  Conj/Erth      0%         9d1       100%        6
 Maxwell's Capacitive Co  Air            0%         ∞         100%        8
 Summon Lightning Spire   Summ/Air       Unusable   N/A       N/A         4

Dungeon Overview and Level Annotations

Branches:
Dungeon (8/15)             Temple (0/1) D:4           Sewer (visited)
Ossuary (visited)
   Lair: D:8-11

Altars:
Elyvilon
Okawaru
Wu Jian
Xom

Shops:
D:6 ((   D:7 =

Annotations:
D:4 2 transporters, RandomusNamus's ghost, amateur TrMo


Message History

Moving in this stuff is going to be slow.
You see here an electric eel corpse.
A nearby plant withers and dies. x2
An electric eel is nearby!
Autokill stopped.
More than one enemy in view The electric eel shoots out a bolt of lightning at you!
The bolt of electricity hits you but does no damage.
The electric eel shoots out a bolt of lightning at you!
The bolt of electricity hits you.
An electric eel comes into view.
The electric eel shoots out a bolt of lightning at you!
The bolt of electricity hits the plant!
The plant begins to die.
The bolt of electricity hits you!
The electric eel shoots out a bolt of lightning at you!
The bolt of electricity hits the plant!
The plant begins to die.
The bolt of electricity hits you!
The electric eel shoots out a bolt of lightning at you!
The bolt of electricity hits the plant!
The bolt of electricity misses you.
The electric eel shoots out a bolt of lightning at you!
The bolt of electricity hits the plant!
The bolt of electricity hits you.
You enter the shallow water.
Moving in this stuff is going to be slow.
The electric eel shoots out a bolt of lightning at you!
The bolt of electricity hits you!
* * * LOW HITPOINT WARNING * * *
The bolt of electricity hits the plant!
The plant begins to die.
As you read the scroll of fog, it dissolves into smoke.
A nearby plant withers and dies. x2
The electric eel shoots out a bolt of lightning at you!
The bolt of electricity hits you!
* * * LOW HITPOINT WARNING * * *
The bolt of electricity hits the plant!
The plant begins to die.
A nearby plant withers and dies.
The electric eel shoots out a bolt of lightning at you!
The bolt of electricity hits you!
* * * LOW HITPOINT WARNING * * *
The bolt of electricity hits the plant!
The electric eel shoots out a bolt of lightning at you!
The bolt of electricity hits you!
You die...

# #.~P~~~≈~.~~~~~~~ #
#P~~~(≈~†.~~~♣♣♣♣ #
#~~P~~~≈≈~.~~♣♣ #
#.♣♣~~~≈≈≈~.≈≈♣
#########.♣♣~≈~P≈~§.~~♣♣
...........♣♣♣~≈~≈§§§~~♣
########....♣♣~~§§P§§≈≈♣♣♣
#........♣♣♣~P§§§§≈~≈~~♣
#.........♣♣P@§§§≈≈≈≈~P~ ##
#..........~♣~P~.≈≈S~~~♣
.###...........P~~~.~~P~~~~
..##......####..~~~.~~~~~~~
#.##......# ##.#♣~.♣~~PPP♣
#.##......# #. ....~P♣♣P#
.....>###.# ## ....###
####### #.# #### ..# #.#


You could see an electric eel.

Vanquished Creatures
  Pikel (D:7)
  Jeremiah (D:6)
  2 steam dragons (D:7)
  2 wyverns
  An orc warrior (D:6)
  An ice beast (D:7)
  2 black bears
  3 ogres
  4 centaurs
  A lemure (D:7)
  A phantom (D:6)
  2 kobold brigands (D:7)
  A scorpion (D:4)
  4 water moccasin zombies (Ossuary)
  6 killer bees (D:8)
  An electric eel (D:8)
  4 hounds
  2 jellies (D:5)
  5 orc priests
  A gnoll bouda (D:6)
  2 sleepcaps (D:5)
  11 orc wizards
  Terence (D:2)
  3 iguanas
  2 mummies (Ossuary)
  15 gnolls
  13 adders
  6 river rats (Sewer)
  A white imp (D:5)
  8 ufetubi
  3 adder zombies (Ossuary)
  3 worms
  3 dart slugs
  32 orcs
  7 endoplasms
  9 giant cockroaches
  6 gnoll zombies (Ossuary)
  6 goblins
  5 hobgoblins
  7 jackals
  6 quokkas
  12 ball pythons
  9 bats
  4 frilled lizards
  4 hobgoblin zombies (Ossuary)
  16 kobolds
  3 kobold zombies (Ossuary)
  4 orc zombies (Ossuary)
  6 rats
252 creatures vanquished.

Notes
Turn   | Place    | Note
-------+----------+-------------------------------------------
     0 | D:1      | Persephone the Hill Orc Fighter began the quest for the
                  | Orb.
     0 | D:1      | Reached XP level 1. HP: 19/19 MP: 1/1
    34 | D:1      | Reached skill level 3 in Axes
   186 | D:1      | Reached XP level 2. HP: 22/26 MP: 2/2
   253 | D:1      | Reached skill level 4 in Axes
   477 | D:1      | Reached XP level 3. HP: 24/31 MP: 3/3
   923 | D:2      | Reached skill level 5 in Axes
   926 | D:2      | Found a faded altar of an unknown god.
  1143 | D:2      | Reached XP level 4. HP: 26/39 MP: 4/4
  1309 | D:2      | Noticed Terence
  1315 | D:2      | Killed Terence
  1316 | D:2      | Reached skill level 6 in Axes
  1645 | D:3      | Reached XP level 5. HP: 12/45 MP: 5/5
  1650 | D:3      | Reached skill level 7 in Axes
  1804 | D:3      | Found a shimmering altar of Xom.
  2020 | D:3      | Found a glowing drain.
  2036 | Sewer    | Entered a sewer
  2250 | Sewer    | Reached skill level 8 in Axes
  2250 | Sewer    | Reached XP level 6. HP: 23/51 MP: 6/6
  3058 | D:3      | Found a faded altar of an unknown god.
  3061 | D:3      | Found an ornate altar of the Wu Jian Council.
  3220 | D:4      | Reached skill level 9 in Axes
  3253 | D:4      | Reached XP level 7. HP: 35/57 MP: 7/7
  3407 | D:4      | Found an iron altar of Okawaru.
  3422 | D:4      | Reached skill level 10 in Axes
  3488 | D:4      | Became a worshipper of Warmaster Okawaru
  3605 | D:4      | Noticed RandomusNamus's ghost (amateur TrMo)
  3607 | D:4      | Found a transporter.
  3651 | D:4      | Reached skill level 11 in Axes
  3685 | D:4      | Found a white marble altar of Elyvilon.
  3736 | D:4      | Found a staircase to the Ecumenical Temple.
  3849 | D:4      | Found a transporter.
  3929 | D:5      | Entered Level 5 of the Dungeon
  4166 | D:5      | Reached XP level 8. HP: 59/64 MP: 8/8
  4606 | D:5      | Reached skill level 12 in Axes
  5072 | D:6      | Reached * piety under Okawaru
  5245 | D:6      | Reached skill level 13 in Axes
  5267 | D:6      | Noticed Jeremiah
  5308 | D:6      | Killed Jeremiah
  5308 | D:6      | Reached ** piety under Okawaru
  5309 | D:6      | Reached skill level 14 in Axes
  5309 | D:6      | Reached XP level 9. HP: 16/68 MP: 9/9
  5705 | D:6      | Found Badul's Weapon Emporium.
  5733 | D:6      | Found Aczud's Weapon Emporium.
  5766 | D:6      | Reached skill level 15 in Axes
  6726 | D:7      | Noticed Pikel
  6741 | D:7      | Reached skill level 16 in Axes
  6743 | D:7      | Killed Pikel
  6743 | D:7      | Reached *** piety under Okawaru
  6847 | D:7      | Found Zilodolu's Jewellery Shop.
  7183 | D:7      | Reached skill level 5 in Fighting
  7183 | D:7      | Reached XP level 10. HP: 62/81 MP: 12/12
  7742 | D:8      | Reached skill level 5 in Armour
  7742 | D:8      | Reached skill level 5 in Shields
  7857 | D:8      | Identified the +0 helmet of Gato {Harm Str+3 Int+4}
  8090 | D:8      | Found a sand-covered staircase.
  8097 | Ossuary  | Entered an ossuary
  8445 | D:8      | Reached **** piety under Okawaru
  8455 | D:8      | Reached skill level 5 in Invocations
  8664 | D:8      | HP: 2/83 [electric eel/bolt of electricity (8)]
  8664 | D:8      | Killed from afar by an electric eel

Illustrated notes

Levels and vault maps discovered:
D:1:      matt_arrival_los_fun, layout_loops_cross, hex_medium,
          minmay_hedge_maze, minmay_vboxes
D:2:      layout_loops_ring, nicolae_ecumenical_snake_handling, uniq_terence
D:3:      layout_basic, xom_teletrap_fun, nicolae_overflow_ecumenical_swirl,
          portal_sewer_entry_f, serial_bayou_lake_a
D:4:      layout_rooms, elyvilon_altar_3, okawaru_trees_1, temple_green,
          gammafunk_ghost_smash
D:5:      layout_loops_ring
D:6:      layout_layer_cave, serial_shops, nicolae_shop_bloodbath_and_beyond,
          nicolae_shop_hallway_stairs, nicolae_elevator_lobby_asterisk,
          uniq_jeremiah
D:7:      layout_basic, serial_shops, shop, uniq_pikel
D:8:      layout_basic, nicolae_ossuary_entry_ruins, hangedman_decor_lopped,
          serial_bayou_lagoon_b

Skill      XL: |  1  2  3  4  5  6  7  8  9 10 |
---------------+-------------------------------+-----
Axes           | 3 4 5 6 8 9 11 14 16 | 16.0
Fighting       | 5 6 |  6.0
Armour         | 4 5 |  5.4
Shields        | 4 5 |  5.4
Invocations    | 3 5 |  5.1

Action                     |  1- 3 |  4- 6 |  7- 9 | 10-12 || total
---------------------------+-------+-------+-------+-------++-------
  Melee: War axe           |   107 |   185 |   323 |   119 ||   734
  Throw: Dart              |       |       |    87 |    22 ||   109
    Use: Scroll            |       |    10 |     4 |     6 ||    20
         Potion            |       |       |     7 |       ||     7
 Armour: Scale mail        |    74 |   156 |   254 |   102 ||   586
         Skin              |       |       |    14 |       ||    14
  Dodge: Dodged            |    52 |   101 |   120 |    38 ||   311
  Block: Buckler           |    25 |    47 |   102 |    31 ||   205

Table legend: (Time is in decaauts)
 A = Elapsed time spent in this place.
 B = Non-inter-level travel time spent in this place.
 C = Inter-level travel time spent in this place.
 D = Time resting spent in this place.
 E = Time spent auto-exploring this place.
 F = Levels seen in this place.
 G = Mean time per level.
                   A        B        C        D        E       F      G
               +--------+--------+--------+--------+--------+-----+--------+
         Total |   8878 |   8686 |    192 |      0 |   7091 |  10 |  887.8 |
       Dungeon |   7621 |   7429 |    192 |      0 |   6255 |   8 |  952.6 |
         Sewer |   1066 |   1066 |      0 |      0 |    721 |   1 | 1066.0 |
       Ossuary |    190 |    190 |      0 |      0 |    114 |   1 |  190.0 |
               +--------+--------+--------+--------+--------+-----+--------+

Top non-repeatable levels by time:
     D:6: 1573 daAuts
     D:5: 1118 daAuts
   Sewer: 1066 daAuts
     D:7: 997 daAuts
     D:1: 930 daAuts
     D:8: 786 daAuts
     D:3: 746 daAuts
     D:2: 744 daAuts
     D:4: 725 daAuts
 Ossuary: 190 daAuts
